 Dungeon Crawl Stone Soup version 0.18-a0-425-ge088ad1 (webtiles) character file.

230 endege the Poker (level 5, -4/46 HPs)
             Began as a Deep Dwarf Fighter on Nov 30, 2015.
             Succumbed to a killer bee's poison
             ... on level 3 of the Dungeon.
             The game lasted 00:02:28 (2025 turns).

endege the Poker (Deep Dwarf Fighter)               Turns: 2025, Time: 00:02:28

Health: -4/46      AC: 10    Str: 20    XL:     5   Next: 72%
Magic:  0/0        EV:  9    Int:  9    God:
Gold:   136        SH:  0    Dex: 12    Spells: 0 memorised, 4 levels left

rFire  . . .     SeeInvis +     f - +0 trident
rCold  . . .     Clarity  .     b - +0 scale mail
rNeg   + . .     SustAt   .     (no shield)
rPois  .         Gourm    .     (no helmet)
rElec  .         Spirit   .     (no cloak)
rCorr  .         Dsmss    .     (no gloves)
rMut   .         Stasis   .     (no boots)
MR     .....                    (no amulet)
Stlth  ..........               h - ring of positive energy
                                c - ring of see invisible

@: lethally poisoned (-4 -> -43), non-regenerating, not resistant to hostile
enchantments, extremely unstealthy
A: damage resistance, recharge devices, slimy green scales 1, yellow scales 1,
sense surroundings 1, slow regeneration 3
a: Device Recharging


You were on level 3 of the Dungeon.
You were not hungry.

You visited 1 branch of the dungeon, and saw 4 of its levels.

You collected 136 gold pieces.


Innate Abilities, Weirdness & Mutations

You are resistant to damage.
You can recharge devices by infusing magical energy.
You passively map a small area around you.
You do not regenerate naturally.
You are partially covered in slimy green scales (AC +2).
You are partially covered in yellow scales (AC +2).


   Skills:
 + Level 2.6 Fighting
 + Level 5.5 Polearms
 - Level 3.2 Armour
   Level 3.2 Shields


You had 4 spell levels left.
You didn't know any spells.

Inventory:

Hand Weapons
 f - a +0 trident (weapon)
Missiles
 k - 6 steel javelins (quivered)
Armour
 b - a +0 scale mail (worn)
Jewellery
 c - a ring of see invisible (left hand)
 h - a ring of positive energy (right hand)
Wands
 Y - a wand of heal wounds (0)
Scrolls
 i - a scroll of remove curse
Potions
 d - a potion of might
 j - a potion of poison {unknown}
 l - a potion of brilliance {unknown}
 m - a potion of berserk rage {unknown}
 n - a potion of agility {unknown}
 s - a potion of ambrosia {unknown}
Comestibles
 e - 3 bread rations
 r - a beef jerky
 t - a meat ration

Dungeon Overview and Level Annotations

Branches:
Dungeon (4/15)
 Temple: D:4-7

Altars:
Ashenzari
Nemelex Xobeh
Xom
Zin


Message History

The killer bee stings you.
You are more poisoned.
The killer bee poisons you!
You hit the phantom.
The phantom is lightly damaged.
* * * LOW HITPOINT WARNING * * *
You feel very sick. The killer bee closely misses you.
The killer bee barely misses you. The phantom hits you.
The phantom blinks!
The killer bee barely misses you. The killer bee stings you.
You miss the phantom.
The phantom is lightly damaged.
* * * LOW HITPOINT WARNING * * *
You feel very sick. The killer bee barely misses you. x2
The phantom blinks!
The killer bee stings you but does no damage.
The killer bee barely misses you.
You miss the killer bee.
You die...

#.....########..#.#
##...## #....# ##.##
#.#..# #%# #....# #.#
####.# ##'## #.#
##...## #.# ##.....##
### #.# ##.......##
##@###.#
##.........####syy##.#
.'.........).........#
##.........####..W#.##
##.......## ##.##.#
##.....## ####.#
##...## #.# ##'#######
#.# #.......# #.#


You could see a phantom, 2 killer bees and a giant cockroach.

Vanquished Creatures
  2 killer bees (D:3)
  Natasha (D:3)
  3 adders
  A gnoll (D:1)
  2 oozes
  3 worms
  2 giant geckos
  2 orcs
  A ball python (D:1)
  8 bats
  4 giant cockroaches
  5 goblins
  10 hobgoblins
  4 giant newts
  4 kobolds
  6 rats
58 creatures vanquished.

Notes
Turn   | Place    | Note
--------------------------------------------------------------
     0 | D:1      | endege the Deep Dwarf Fighter began the quest for the Orb.
     0 | D:1      | Reached XP level 1. HP: 20/20 MP: 1/1
     0 | D:1      | 0 ||| counter = 61
    17 | D:1      | 17 ||| Stepping ~*~*~tactically~*~*~ (outnumbered).
    85 | D:1      | Reached XP level 2. HP: 27/27 MP: 2/2
   271 | D:1      | Reached skill level 3 in Polearms
   337 | D:1      | Reached XP level 3. HP: 29/33 MP: 3/3
   430 | D:1      | 430 ||| REMOVING +0 shield.
   435 | D:1      | 435 ||| DROPPING +0 shield.
   436 | D:1      | 436 ||| READING scroll labeled EGAOTO COKUIL.
   437 | D:1      | 437 ||| DRINKING 2 cyan potions.
   437 | D:1      | Gained mutation: You are partially covered in slimy green scales (AC +2). [potion of mutation]
   437 | D:1      | Gained mutation: You are partially covered in yellow scales (AC +2). [potion of mutation]
   438 | D:1      | 438 ||| DROPPING potion of mutation.
   462 | D:2      | 462 ||| STAIRDANCE
   476 | D:2      | 476 ||| STAIRDANCE
   478 | D:1      | 478 ||| Stepping ~*~*~tactically~*~*~ (reaching).
   479 | D:1      | 479 ||| Stepping ~*~*~tactically~*~*~ (reaching).
   480 | D:1      | 480 ||| Stepping ~*~*~tactically~*~*~ (reaching).
   482 | D:1      | 482 ||| Stepping ~*~*~tactically~*~*~ (reaching).
   483 | D:1      | 483 ||| Stepping ~*~*~tactically~*~*~ (reaching).
   485 | D:1      | 485 ||| Stepping ~*~*~tactically~*~*~ (reaching).
   486 | D:1      | 486 ||| Stepping ~*~*~tactically~*~*~ (reaching).
   488 | D:1      | 488 ||| Stepping ~*~*~tactically~*~*~ (reaching).
   525 | D:2      | Found a shattered altar of Ashenzari.
   526 | D:2      | Found a shattered altar of Ashenzari.
   526 | D:2      | Found a glowing silver altar of Zin.
   528 | D:2      | Found a shimmering altar of Xom.
   594 | D:2      | Found a sparkling altar of Nemelex Xobeh.
   606 | D:2      | Found a faded altar to an unknown god.
   620 | D:2      | 620 ||| Stepping ~*~*~tactically~*~*~ (outnumbered).
  1029 | D:2      | 1029 ||| READING 3 scrolls labeled UTALOCZOMO.
  1030 | D:2      | 1030 ||| DRINKING 2 glowing pink potions.
  1031 | D:2      | 1031 ||| READING scroll of identify.
  1031 | D:2      | 1031 ||| IDENTIFYING encrusted moonstone ring
  1032 | D:2      | 1032 ||| UPGRADING to ring of see invisible.
  1033 | D:2      | 1033 ||| DROPPING potion of flight.
  1034 | D:2      | 1034 ||| DROPPING 2 scrolls of noise.
  1042 | D:3      | 1042 ||| STAIRDANCE
  1044 | D:2      | Reached XP level 4. HP: 35/40 MP: 4/4
  1054 | D:3      | 1054 ||| STAIRDANCE
  1062 | D:3      | 1062 ||| STAIRDANCE
  1064 | D:2      | Reached skill level 4 in Polearms
  1268 | D:3      | 1268 ||| ZAPPING wand of heal wounds (5).
  1509 | D:3      | 1509 ||| EATING 4 bread rations.
  1854 | D:3      | Noticed Natasha
  1858 | D:3      | Killed Natasha
  1867 | D:3      | Reached XP level 5. HP: 26/46 MP: 5/5
  1908 | D:3      | 1908 ||| READING 3 scrolls labeled NUBBEG OMIRRIS.
  1909 | D:3      | 1909 ||| READING 2 scrolls labeled LAELOEREMN.
  1910 | D:3      | 1910 ||| READING 2 scrolls of identify.
  1910 | D:3      | 1910 ||| IDENTIFYING silver ring
  1911 | D:3      | 1911 ||| DROPPING ring of flight.
  1912 | D:3      | 1912 ||| READING scroll of identify.
  1912 | D:3      | 1912 ||| IDENTIFYING peridot ring
  1913 | D:3      | 1913 ||| UPGRADING to ring of positive energy.
  1914 | D:3      | 1914 ||| DROPPING 2 scrolls of random uselessness.
  1915 | D:3      | 1915 ||| DROPPING wand of fire.
  1916 | D:3      | 1916 ||| DROPPING wand of magic darts.
  1929 | D:4      | Noticed a phantom
  1930 | D:4      | 1930 ||| STAIRDANCE
  1938 | D:4      | 1938 ||| STAIRDANCE
  1938 | D:4      | HP: 10/46 [killer bee (2)]
  1940 | D:3      | 1940 ||| ZAPPING wand of heal wounds (4).
  1944 | D:3      | 1944 ||| ZAPPING wand of heal wounds (3).
  1949 | D:3      | 1949 ||| ZAPPING wand of heal wounds (2).
  1950 | D:3      | 1950 ||| MP-RECHARGING wand of heal wounds (1).
  1953 | D:3      | 1953 ||| ZAPPING wand of heal wounds (5).
  1956 | D:3      | 1956 ||| ZAPPING wand of heal wounds (4).
  1961 | D:3      | 1961 ||| ZAPPING wand of heal wounds (3).
  1965 | D:3      | 1965 ||| ZAPPING wand of heal wounds (2).
  1966 | D:3      | 1966 ||| MP-RECHARGING wand of heal wounds (1).
  1967 | D:3      | Reached skill level 5 in Polearms
  1968 | D:3      | 1968 ||| ZAPPING wand of heal wounds (5).
  1972 | D:3      | 1972 ||| ZAPPING wand of heal wounds (4).
  1975 | D:3      | 1975 ||| ZAPPING wand of heal wounds (3).
  1980 | D:3      | 1980 ||| ZAPPING wand of heal wounds (2).
  1981 | D:3      | 1981 ||| MP-RECHARGING wand of heal wounds (1).
  1983 | D:3      | 1983 ||| ZAPPING wand of heal wounds (5).
  1989 | D:3      | 1989 ||| ZAPPING wand of heal wounds (4).
  1992 | D:3      | 1992 ||| ZAPPING wand of heal wounds (3).
  1995 | D:3      | 1995 ||| ZAPPING wand of heal wounds (2).
  1996 | D:3      | 1996 ||| MP-RECHARGING wand of heal wounds (1).
  1997 | D:3      | 1997 ||| MP-RECHARGING wand of heal wounds (1).
  1998 | D:3      | 1998 ||| ZAPPING wand of heal wounds (4).
  2004 | D:3      | 2004 ||| ZAPPING wand of heal wounds (3).
  2007 | D:3      | 2007 ||| ZAPPING wand of heal wounds (2).
  2008 | D:3      | 2008 ||| MP-RECHARGING wand of heal wounds (1).
  2010 | D:3      | 2010 ||| ZAPPING wand of heal wounds (3).
  2013 | D:3      | 2013 ||| ZAPPING wand of heal wounds (2).
  2017 | D:3      | 2017 ||| ZAPPING wand of heal wounds (1).
  2022 | D:3      | HP: 10/46 [killer bee (2)]
  2024 | D:3      | HP: 1/46 [poisoned by a killer bee]
  2025 | D:3      | Succumbed to a killer bee's poison

Vault maps used:
D:1:      tarquinn_simple_flora_water_f
D:2:      nemelex_deck, gammafunk_temple_overflow_claw, ecumenical_altar_2,
          serial_forest, infiniplex_forest_lined_2,
          infiniplex_forest_clump_cross, infiniplex_forest_clump_small,
          infiniplex_forest_straight_2, infiniplex_forest_clump_C,
          infiniplex_forest_side_room, infiniplex_forest_clump_double,
          infiniplex_forest_clump_small, infiniplex_forest_lined_room_3,
          ashenzari_altar_1
D:3:      uniq_natasha
D:4:      nicolae_overflow_hidden_temple, first_bread, serial_shops,
          nicolae_shop_temple_entry_statues_fountains

Action                   |  1- 3 |  4- 6 || total
-------------------------+-------+-------++-------
Melee: Trident           |    79 |   116 ||   195
Throw: Javelin           |    22 |    29 ||    51
 Abil: Device Recharging |       |     5 ||     5
Evoke: Wand              |       |    22 ||    22
  Use: Scroll            |     3 |     4 ||     7
       Potion            |     2 |       ||     2
  Eat: Bread ration      |       |     1 ||     1
       Chunk             |       |     1 ||     1
